 Dungeon Crawl Stone Soup version 0.31-a0-180-g519b7de00c (webtiles) character file.

Game seed: 1428529437724006934

210 qw the Shooter (level 5, -7/49 HPs)
             Began as a Naga Hunter on June 19, 2023.
             Mangled by an orc
             ... wielding a +0 flail
              (9 damage)
             ... on level 3 of the Dungeon.
             The game lasted 00:00:43 (1488 turns).

qw the Shooter (Naga Hunter)                        Turns: 1488, Time: 00:00:44

Health: -7/49      AC:  3    Str: 14    XL:     5   Next: 87%
Magic:  5/5        EV:  9    Int:  9    God:
Gold:   26         SH:  0    Dex: 16    Spells: 4/4 levels left

rFire   . . .        Y - +0 arbalest
rCold   . . .        (shield currently unavailable)
rNeg    . . .        c - +0 leather armour
rPois   +            (no helmet)
rElec   .            (no cloak)
rCorr   +            (no gloves)
SInv    +            (no barding)
Will    +....        (no amulet)
Stlth   ++           e - ring of resist corrosion
HPRegen 0.28/turn    i - ring of willpower
MPRegen 0.09/turn

%: no passive effects
@: short of breath, very slow
A: AC +1, large, see invisible, deformed body, poison resistance, slowness 2,
spit poison 1, naga tail 1
a: Spit Poison


You were on level 3 of the Dungeon.
You visited 1 branch of the dungeon, and saw 3 of its levels.

You collected 114 gold pieces.
You spent 88 gold pieces at shops.


Innate Abilities, Weirdness & Mutations

Your serpentine skin is tough. (AC +1)
You have supernaturally acute eyesight. (SInv)
Armour fits poorly on your strangely shaped body.
Your system is resistant to poisons. (rPois)
You cover ground very slowly.
You can spit poison.
You have a snake-like lower body.


   Skills:
 - Level 3.0 Fighting
 + Level 5.9 Ranged Weapons
 - Level 1.5 Dodging
 - Level 1.5 Stealth


You had 4 spell levels left.
You didn't know any spells.
Your spell library was empty.

Inventory:

Hand Weapons
 Y - a +0 arbalest (weapon)
Armour
 c - a +0 leather armour (worn)
Jewellery
 e - a ring of resist corrosion (left hand)
 i - a ring of willpower (right hand)
Potions
 d - a potion of heal wounds {unknown}
 f - a potion of degeneration {unknown}
 g - 3 potions of might
 h - a potion of brilliance {unknown}
 j - a potion of resistance {unknown}
 m - 2 potions of curing {unknown}

Dungeon Overview and Level Annotations

Branches:
Dungeon (3/15)

Altars:
Cheibriados

Shops:
D:1 *   D:2 (**


Message History

The orc priest hits you with a +0 dagger.
You shoot a bolt. The bolt hits the orc priest!
You kill the orc priest!
The orc barely misses you. The orc hits you with a +0 flail!
The orc hits you with a +0 dagger.
You shoot a bolt. The bolt barely misses the orc.
The orc barely misses you. The orc hits you with a +0 dagger.
The ball python bites you but does no damage.
You shoot a bolt. The bolt closely misses the orc.
You have got your breath back.
The ball python barely misses you. The orc barely misses you.
The orc hits you but does no damage. The ball python closely misses you.
The orc hits you with a +0 flail! The orc hits you with a +0 dagger.
1484 ||| INVOKING Spit Poison.
Aiming: Spit Poison (1% risk of failure)
Press: ? - help, Shift-Dir - straight line, f/p - orc The splash of poison misses the orc.
The ball python bites you but does no damage.
The orc barely misses you. x2
You shoot a bolt. The bolt barely misses the orc.
The ball python closely misses you. The orc completely misses you.
The orc barely misses you. The ball python bites you.
The orc barely misses you. The orc hits you but does no damage.
You shoot a bolt. The bolt completely misses the orc.
The ball python barely misses you.
The ball python bites you but does no damage.
The orc hits you with a +0 flail. The orc closely misses you.
You shoot a bolt. The bolt hits the orc.
The orc is moderately wounded.
You have got your breath back.
The ball python bites you but does no damage.
The orc hits you with a +0 flail. The orc hits you with a +0 dagger.
The ball python closely misses you. The orc hits you with a +0 flail!
The orc hits you with a +0 dagger. The ball python barely misses you.
1488 ||| INVOKING Spit Poison.
Aiming: Spit Poison (1% risk of failure)
Press: ? - help, Shift-Dir - straight line, f/p - orc The splash of poison misses the orc.
The orc hits you with a +0 flail!
You die...

#.# #.###..#
#)###.##...##...
#................
####..##.###.....
##..##.# .....
#...##.# ....
#.#.##.. ....
#######.#.####
.#. ......o@).#
######So.......
#o###.###. #. .#
#. .# .. .. #..


You could see 3 orcs and a ball python.

Vanquished Creatures
  An orc priest (D:3)
  An iron imp (D:3)
  Jessica (D:2)
  Terence (D:2)
  An orc wizard (D:3)
  An adder (D:2)
  2 dart slugs
  4 orcs (D:3)
  5 endoplasms
  A giant cockroach (D:2)
  3 goblins
  5 hobgoblins
  2 jackals (D:2)
  3 kobolds
  A quokka (D:1)
  4 ball pythons
  10 bats
  5 frilled lizards
  11 rats
62 creatures vanquished.

Notes
Turn   | Place    | Note
-------+----------+-------------------------------------------
     0 | D:1      | qw the Naga Hunter began the quest for the Orb.
     0 | D:1      | Reached XP level 1. HP: 19/19 MP: 1/1
     0 | D:1      | 0 ||| qw: Version: 0.3-a-7-ge0c9b40
     0 | D:1      | 0 ||| qw: Game counter: 940
     0 | D:1      | 0 ||| qw: Always use a shield: true
     0 | D:1      | 0 ||| qw: God list: Okawaru
     0 | D:1      | 0 ||| qw: Allow faded altars: false
     0 | D:1      | 0 ||| qw: Do Orc after D:15 true
     0 | D:1      | 0 ||| qw: Do second Lair branch before Depths: true
     0 | D:1      | 0 ||| qw: Lair rune preference: random
     0 | D:1      | 0 ||| qw: Plans: Normal
     0 | D:1      | 0 ||| PLANNING D:1-11
    27 | D:1      | Found Tythoa's Assorted Antiques.
    28 | D:1      | 28 ||| INVOKING Spit Poison.
    32 | D:1      | 32 ||| INVOKING Spit Poison.
    45 | D:1      | 45 ||| SHOPLISTING clear potion (23 gold, have 22).
    45 | D:1      | 45 ||| SHOPLISTING coppery potion (23 gold, have 22).
    45 | D:1      | 45 ||| SHOPLISTING fuming orange potion (23 gold, have 22).
    45 | D:1      | 45 ||| SHOPLISTING orange potion (23 gold, have 22).
    45 | D:1      | 45 ||| SHOPLISTING runed ring mail (182 gold, have 22).
    45 | D:1      | 45 ||| SHOPLISTING scroll labelled HUWOEPS KEIWKI (26 gold,
                  | have 22).
    45 | D:1      | 45 ||| SHOPLISTING silvery potion (23 gold, have 22).
    67 | D:1      | 67 ||| INVOKING Spit Poison.
    69 | D:1      | 69 ||| Stepping ~*~*~tactically~*~*~ (outnumbered).
    71 | D:1      | 71 ||| INVOKING Spit Poison.
    77 | D:1      | 77 ||| INVOKING Spit Poison.
    81 | D:1      | 81 ||| INVOKING Spit Poison.
    82 | D:1      | Reached skill level 4 in Ranged Weapons
    82 | D:1      | Reached XP level 2. HP: 22/26 MP: 2/2
   114 | D:1      | 114 ||| INVOKING Spit Poison.
   117 | D:1      | 117 ||| INVOKING Spit Poison.
   131 | D:1      | 131 ||| INVOKING Spit Poison.
   197 | D:1      | 197 ||| INVOKING Spit Poison.
   211 | D:1      | 211 ||| INVOKING Spit Poison.
   260 | D:1      | 260 ||| INVOKING Spit Poison.
   274 | D:1      | 274 ||| INVOKING Spit Poison.
   276 | D:1      | Found a faded altar of an unknown god.
   283 | D:1      | 283 ||| INVOKING Spit Poison.
   343 | D:1      | 343 ||| INVOKING Spit Poison.
   351 | D:1      | 351 ||| INVOKING Spit Poison.
   352 | D:1      | Reached XP level 3. HP: 32/32 MP: 3/3
   364 | D:1      | 364 ||| INVOKING Spit Poison.
   386 | D:1      | 386 ||| INVOKING Spit Poison.
   630 | D:1      | 630 ||| UPGRADING to ring of resist corrosion.
   631 | D:1      | 631 ||| READING scroll labelled QEOSUN SORAFO.
   632 | D:1      | 632 ||| READING scroll labelled NYROMM QUECZOA.
   633 | D:1      | 633 ||| DROPPING scroll of butterflies.
   646 | D:2      | 646 ||| INVOKING Spit Poison.
   657 | D:2      | 657 ||| INVOKING Spit Poison.
   694 | D:2      | Found Dunnule's Weapon Shop.
   696 | D:2      | 696 ||| INVOKING Spit Poison.
   710 | D:2      | 710 ||| INVOKING Spit Poison.
   715 | D:2      | 715 ||| INVOKING Spit Poison.
   722 | D:2      | 722 ||| INVOKING Spit Poison.
   741 | D:2      | 741 ||| INVOKING Spit Poison.
   750 | D:2      | 750 ||| SWAPPING to +0 arbalest.
   751 | D:2      | 751 ||| DROPPING +0 shortbow.
   792 | D:2      | Found Suaroali's General Store.
   798 | D:2      | 798 ||| INVOKING Spit Poison.
   807 | D:2      | 807 ||| SHOPLISTING +1 ring mail of Polish {-Cast +Inv rC-
                  | Stlth+} (129 gold, have 94).
   807 | D:2      | 807 ||| BUYING 2 potions of might (88 gold).
   807 | D:2      | Bought 2 potions of might for 88 gold pieces
   807 | D:2      | 807 ||| SHOPLISTING potion of heal wounds (55 gold, have
                  | 6).
   807 | D:2      | 807 ||| SHOPLISTING potion of might (44 gold, have 6).
   807 | D:2      | 807 ||| SHOPLISTING scroll of identify (22 gold, have 6).
   824 | D:2      | Noticed Jessica
   826 | D:2      | 826 ||| INVOKING Spit Poison.
   827 | D:2      | Killed Jessica
   828 | D:2      | Reached skill level 5 in Ranged Weapons
   828 | D:2      | Reached XP level 4. HP: 39/39 MP: 4/4
   845 | D:2      | 845 ||| INVOKING Spit Poison.
   874 | D:2      | 874 ||| INVOKING Spit Poison.
   896 | D:2      | 896 ||| INVOKING Spit Poison.
   913 | D:2      | Noticed Terence
   914 | D:2      | 914 ||| INVOKING Spit Poison.
   917 | D:2      | Killed Terence
   980 | D:2      | Found Ezew's Assorted Antiques.
   986 | D:2      | 986 ||| SHOPLISTING clear potion (21 gold, have 19).
   986 | D:2      | 986 ||| SHOPLISTING glowing ring mail (168 gold, have 19).
   986 | D:2      | 986 ||| SHOPLISTING scroll labelled HUWOEPS KEIWKI (24
                  | gold, have 19).
  1204 | D:2      | 1204 ||| INVOKING Spit Poison.
  1205 | D:2      | Reached skill level 3 in Fighting
  1388 | D:2      | 1388 ||| INVOKING Spit Poison.
  1389 | D:2      | Reached XP level 5. HP: 49/49 MP: 5/5
  1404 | D:2      | 1404 ||| UPGRADING to ring of willpower.
  1405 | D:2      | 1405 ||| READING scroll labelled HIDENI ZYEPEWK.
  1406 | D:2      | 1406 ||| READING scroll labelled HUWOEPS KEIWKI.
  1407 | D:2      | 1407 ||| READING scroll labelled IHINISMITABE.
  1421 | D:3      | Found a snail-covered altar of Cheibriados.
  1442 | D:3      | 1442 ||| INVOKING Spit Poison.
  1454 | D:3      | 1454 ||| INVOKING Spit Poison.
  1457 | D:3      | 1457 ||| INVOKING Spit Poison.
  1464 | D:3      | 1464 ||| INVOKING Spit Poison.
  1472 | D:3      | 1472 ||| INVOKING Spit Poison.
  1476 | D:3      | 1476 ||| INVOKING Spit Poison.
  1480 | D:3      | 1480 ||| INVOKING Spit Poison.
  1484 | D:3      | 1484 ||| INVOKING Spit Poison.
  1487 | D:3      | HP: 12/49 [orc/+0 flail (4)]
  1487 | D:3      | HP: 3/49 [orc/+0 flail (8)]
  1488 | D:3      | 1488 ||| INVOKING Spit Poison.
  1488 | D:3      | Mangled by an orc

Levels and vault maps discovered:
D:1:      wander_arrival_abandoned_jail, layout_loops_ring, serial_shops, shop,
          shapermc_ecumenical_altar_rom_forum
D:2:      layout_loops_ring, serial_shops, shop_statue,
          nicolae_shop_bloodbath_and_beyond, nicolae_shop_just_a_little_nook,
          minmay_small_reverse_x, uniq_terence, uniq_jessica
D:3:      minmay_thinvault, layout_loops_ring, slow_altar_1,
          minmay_fountain_box, minmay_misc_feat_roman

Skill      XL: |  1  2  3  4 |
---------------+-------------+-----
Ranged Weapons | 4 5 |  5.9
Fighting       | 3 |  3.0
Dodging        | |  1.5
Stealth        | |  1.5

Action                     |  1- 3 |  4- 6 || total
---------------------------+-------+-------++-------
   Fire: Shortbow          |    64 |       ||    64
         Arbalest          |     5 |    35 ||    40
Ability: Spit Poison       |    27 |    15 ||    42
    Use: Scroll            |     2 |     3 ||     5
 Armour: Leather armour    |    16 |    10 ||    26
  Dodge: Dodged            |    22 |    27 ||    49

Table legend:
 A = Non-vault XP
 B = Vault XP
 C = Vault XP percentage of total XP
 D = Non-vault monster count
 E = Vault monster count
 F = Vault count percentage of total count
                 A         B        C        D         E       F
            +---------+---------+-------+---------+---------+-------
      Total |     182 |     118 |  39.3 |      55 |       7 |  11.3
            +---------+---------+-------+---------+---------+-------
        D:1 |      44 |       0 |   0.0 |      28 |       0 |   0.0
        D:2 |      43 |      78 |  64.5 |      18 |       6 |  25.0
        D:3 |      95 |      40 |  29.6 |       9 |       1 |  10.0
            +---------+---------+-------+---------+---------+-------
